 Dungeon Crawl Stone Soup version 0.28-a0-422-gd71735cc25 (webtiles) character file.

Game seed: 16395112020585529847

3226 ooooo the Fighter (level 9, 0/81 HPs)
             Began as a Minotaur Fighter on Sept 9, 2021.
             Was an Initiate of Trog.
             Slain by Maurice (6 damage)
             ... on level 8 of the Dungeon.
             The game lasted 00:10:55 (9936 turns).

ooooo the Fighter (Minotaur Fighter)                Turns: 9936, Time: 00:10:55

Health: 0/81       AC: 12    Str: 23    XL:     9   Next: 66%
Magic:  8/8        EV: 21    Int:  5    God:    Trog [......]
Gold:   426        SH:  0    Dex: 11    Spells: 8/8 levels left

rFire   . . .      SeeInvis .   (weapon currently unavailable)
rCold   . . .      Faith    .   (shield currently unavailable)
rNeg    + + +      Spirit   .   (armour currently unavailable)
rPois   +          Reflect  .   (helmet currently unavailable)
rElec   .          Harm     .   (cloak currently unavailable)
rCorr   +          Rampage  .   (gloves currently unavailable)
Will    .....                   (boots currently unavailable)
Stlth   +.........              (no amulet)
HPRegen 0.23/turn               y - ring of positive energy
MPRegen 0.11/turn               z - ring of resist corrosion

@: fungus-form (expiring), studying Stealth
A: melee confuse, terrified, no casting, tiny, (horns 2), (retaliatory headbutt)
a: Renounce Religion


You were on level 8 of the Dungeon.
You worshipped Trog.
Trog was noncommittal.
You were a sentient fungus.
You visited 2 branches of the dungeon, and saw 9 of its levels.
You also visited: Sewer.

You collected 426 gold pieces.

Inventory:

Hand Weapons
 a - a +1 war axe (melded)
Missiles
 t - 21 poisoned darts (quivered)
Armour
 b - a +0 scale mail
 c - a +0 buckler (melded)
 e - a +2 leather armour of cold resistance
 g - a +0 plate armour (melded)
 k - a +0 cloak (melded)
 n - a +0 scale mail of fire resistance
Jewellery
 y - a ring of positive energy (left hypha)
 z - a ring of resist corrosion (right hypha)
Wands
 l - a wand of paralysis (5)
 p - a wand of iceblast (11)
 G - a wand of digging (6)
 H - a wand of charming (9)
Scrolls
 j - 4 scrolls of teleportation
 q - 4 scrolls of identify
 r - 2 scrolls of magic mapping
 s - a scroll of noise {unknown}
 x - 2 scrolls of enchant weapon
 A - a scroll of fear {unknown}
 C - a scroll of blinking
 F - a scroll of immolation {unknown}
 I - a scroll of brand weapon {unknown}
Potions
 d - 3 potions of might
 f - a potion of lignification
 h - a potion of resistance {unknown}
 i - 2 potions of haste {unknown}
 m - 5 potions of curing {unknown}
 o - 2 potions of invisibility
 u - 2 potions of magic {unknown}
 v - a potion of attraction {unknown}
 w - 3 potions of degeneration {unknown}
 E - a potion of heal wounds {unknown}


   Skills:
 + Level 8.1 Fighting
 + Level 7.5 Axes
 + Level 2.6 Throwing
 + Level 8.0 Armour
 + Level 6.3 Dodging
 + Level 8.0 Shields


You had 8 spell levels left.
You didn't know any spells.
Your spell library contained the following spells:

 Spells                   Type           Power      Damage    Failure   Level
 Sting                    Tmut/Pois      0%         1d3       47%         1
 Blink                    Tloc           N/A        N/A       63%         2
 Poisonous Vapours        Pois/Air       0%         N/A       63%         2
 Lesser Beckoning         Tloc           0%         N/A       85%         3
 Olgreb's Toxic Radiance  Pois           0%         N/A       99%         4
 Manifold Assault         Tloc           0%         N/A       100%        5
 Conjure Ball Lightning   Conj/Air       0%         3x3d6     100%        6
 Discord                  Hex            0%         N/A       100%        8
 Disjunction              Tloc           0%         N/A       100%        8


Dungeon Overview and Level Annotations

Branches:
Dungeon (8/15)             Temple (1/1) D:7            Lair (0/6) D:8
  Sewer (visited)

Altars:
Cheibriados
Dithmenos
Elyvilon
Fedhas
Hepliaklqana
Kikubaaqudgha
Makhleb
Nemelex Xobeh
Qazlal
Ru
Trog
Uskayaw
Wu Jian
Xom
Yredelemnul
The Shining One

Shops:
D:1 **[   D:5 *

Annotations:
D:6 Prince Ribbit
D:8 Maurice


Innate Abilities, Weirdness & Mutations

You are a sentient fungus.
You are tiny and evasive.
Your melee attack releases spores that confuse breathing creatures.
You become terrified and freeze when enemies are visible.
Your armour is entirely melded.
You are incapable of wielding weapons or throwing items.
You cannot cast spells.
((You have a pair of horns on your head.))
((You reflexively headbutt those who attack you in melee.))


Message History

The now-empty wand crumbles to dust.
You can't do that in your present form.
A stone appears from out of thin air!
The stone hits you but does no damage.
The electric eel shoots out a bolt of lightning at you!
The bolt of electricity misses you.
Your transformation is almost over.
You hear some strange, mumbled words.
The electric eel shoots out a bolt of lightning at you!
The bolt of electricity hits you! Something hits you!
Something steals your wand of polymorph (20)!
Something completely misses you.
You hear a zap.
The centaur shoots an arrow.
The arrow closely misses you.
You hear a splashing noise.
The centaur shoots an arrow.
The arrow hits you but does no damage.
The centaur zaps a wand.
The mass of ice explodes!
The iceblast engulfs you!
The iceblast engulfs something!
You hear a zap.
Something tries to affect you, but you resist.
You hear a howl!
Unknown command.
The centaur zaps a wand.
The mass of ice explodes!
The iceblast engulfs you.
The iceblast engulfs something!
Something closely misses you.
The centaur shoots an arrow.
The arrow hits you!
You're too terrified to move while being watched!
Unknown command.
You can't do that in your present form.
Unknown command.
Okay, then.
The centaur zaps a wand.
The mass of ice explodes!
The iceblast engulfs you!
* * * LOW HITPOINT WARNING * * *
The iceblast engulfs something!
Something barely misses you.
You hear a howl!
The centaur shoots an arrow.
The arrow hits you but does no damage. Something barely misses you.
The centaur shoots an arrow.
The arrow completely misses you.
The centaur zaps a wand.
The mass of ice explodes!
The iceblast engulfs you!
* * * LOW HITPOINT WARNING * * *
The iceblast engulfs something!
Something hits you.
You die...

.........
≈...≈.≈;≈(≈≈≈...........
≈≈..>.....................
...≈≈.≈≈(≈......c≈≈≈≈≈..#....)...
.....≈≈≈≈.≈≈≈≈≈.≈≈≈≈≈≈..##.......
....≈.≈≈≈≈≈≈≈≈≈≈.≈(≈≈...###....
....≈≈≈≈≈≈≈≈≈≈≈≈≈.≈≈.......#.....
....≈≈.≈≈≈≈≈≈≈≈≈≈..≈.≈.....##....
........≈≈≈≈≈≈≈.f{.≈......<# #...
........≈≈≈≈≈≈.............# #...
....##########.............# #...
..................###......###...
.......###........#........#.....
####...# #........#........†.....
#...# ##########........#.....
#...# #....##########..... #...#
#....# ######


You could see a centaur and an electric eel.

Vanquished Creatures
  A cyclops (D:6)
  A troll (D:8)
  A water moccasin (Sewer)
  An orc warrior (D:5)
  An ice beast (D:7)
  2 black bears
  2 hornet zombies
  2 ogres
  2 wolves
  A scorpion (D:7)
  A wyvern zombie (D:8)
  A gnoll sergeant (D:5)
  5 wights (D:8)
  2 howler monkeys (D:7)
  4 electric eels
  2 centaur zombies (D:6)
  4 bullfrog zombies (D:6)
  9 hounds
  2 jellies
  Terence (D:3)
  A bullfrog skeleton (D:5)
  2 iguanas (D:6)
  An orc wizard (D:8)
  A killer bee zombie (D:7)
  2 hound skeletons (D:4)
  A mummy (D:4)
  A howler monkey zombie (D:6)
  7 gnolls
  9 adders
  A howler monkey skeleton (D:6)
  A shadow imp (D:7)
  2 ufetubi
  An adder skeleton (D:4)
  A worm (D:2)
  7 dart slugs
  14 orcs
  9 ball pythons
  6 endoplasms
  8 giant cockroaches
  10 goblins
  3 hobgoblins
  6 jackals
  11 kobolds
  11 quokkas
  5 bats
  A frilled lizard (D:1)
  A hobgoblin zombie (D:4)
  3 kobold zombies (D:4)
  4 rats
  A butterfly (D:7)
176 creatures vanquished.

Notes
Turn   | Place    | Note
-------+----------+-------------------------------------------
     0 | D:1      | ooooo the Minotaur Fighter began the quest for the Orb.
     0 | D:1      | Reached XP level 1. HP: 19/19 MP: 0/0
    21 | D:1      | Reached XP level 2. HP: 9/27 MP: 1/1
   218 | D:1      | Found Cotanyll's Assorted Antiques.
   233 | D:1      | Found Fuypator's General Store.
   329 | D:1      | Found Guddy's Antique Armour Boutique.
   377 | D:1      | Reached skill level 1 in Dodging
   483 | D:1      | Reached XP level 3. HP: 33/33 MP: 2/2
  1076 | D:2      | Reached XP level 4. HP: 31/40 MP: 3/3
  1445 | D:2      | Found a faded altar of an unknown god.
  1803 | D:3      | Noticed Terence
  1813 | D:3      | Killed Terence
  1892 | D:3      | Reached XP level 5. HP: 47/47 MP: 4/4
  1924 | D:3      | Found a hazy altar of Hepliaklqana.
  2238 | D:3      | Found a snail-covered altar of Cheibriados.
  2918 | D:4      | Found a glowing drain.
  2927 | Sewer    | Entered a sewer
  2979 | Sewer    | Noticed a water moccasin
  3007 | Sewer    | Killed a water moccasin
  3008 | Sewer    | Reached skill level 5 in Fighting
  3008 | Sewer    | Reached skill level 5 in Armour
  3008 | Sewer    | Reached skill level 5 in Shields
  3008 | Sewer    | Reached XP level 6. HP: 12/56 MP: 5/5
  3855 | D:5      | Entered Level 5 of the Dungeon
  4273 | D:5      | Reached XP level 7. HP: 4/61 MP: 6/6
  4584 | D:5      | Found a blossoming altar of Fedhas.
  4749 | D:5      | Found a glowing golden altar of the Shining One.
  4950 | D:5      | Reached skill level 5 in Axes
  5026 | D:5      | Found Ynywk's General Store.
  5598 | D:6      | Reached XP level 8. HP: 65/70 MP: 7/7
  5824 | D:6      | Noticed a cyclops
  5830 | D:6      | Killed a cyclops
  5831 | D:6      | Reached skill level 5 in Dodging
  6582 | D:6      | Noticed Prince Ribbit
  7296 | D:7      | Found a staircase to the Ecumenical Temple.
  7439 | D:7      | Reached XP level 9. HP: 53/79 MP: 8/8
  7518 | Temple   | Entered the Ecumenical Temple
  7786 | D:7      | Reached skill level 1 in Throwing
  8156 | D:8      | Found a bloodstained altar of Trog.
  8157 | D:8      | Found a sacrificial altar of Ru.
  8161 | D:8      | Became a worshipper of Trog the Wrathful
  8173 | D:8      | Noticed Maurice
  8997 | D:8      | Noticed a troll
  9238 | D:8      | Killed a troll
  9502 | D:8      | Found a staircase to the Lair.
  9936 | D:8      | Slain by Maurice

Illustrated notes

Levels and vault maps discovered:
D:1:      evilmike_arrival_plus, layout_rooms, serial_shops,
          nicolae_shop_overgrown_old_shop, shop, shop, grunt_decor_arrowhead
D:2:      layout_basic, hellmonk_ecumenical_altar_crossroads
D:3:      layout_basic, nzn_hepliaklqana_mist_gate,
          mainiacjoe_overflow_small_starburst, uniq_terence
D:4:      layout_loops_ring, gup_sewer_entry_bubbles, minmay_mini_ossuary
D:5:      layout_loops_ring, tso_altar, nicolae_overflow_hidden_temple,
          serial_shops, nicolae_shop_trees, minmay_manual_maat
D:6:      layout_loops_corners, serial_undead, serial_undead_a, serial_undead_c,
          serial_undead_a, serial_undead_b, minivault_1, minmay_microvault,
          uniq_prince_ribbit1
D:7:      layout_gridville, minmay_temple_entry_butterflies, water_boxes_lemuel
D:8:      layout_basic, jmf_multi_god_temple, erik_lair_island,
          guppyfry_early_elven_hall, uniq_maurice
Temple:   cyrus_temple_forest

Skill      XL: |  1  2  3  4  5  6  7  8  9 |
---------------+----------------------------+-----
Dodging        | 1 2 3 4 5 6 |  6.3
Armour         | 4 5 6 7 8 |  8.0
Shields        | 4 5 6 7 8 |  8.0
Fighting       | 4 5 6 7 8 |  8.1
Axes           | 3 4 5 6 7 |  7.5
Throwing       | 2 |  2.6

Action                   |  1- 3 |  4- 6 |  7- 9 || total
-------------------------+-------+-------+-------++-------
Melee: War axe           |    79 |   211 |   238 ||   528
       Headbutt          |     9 |    27 |    51 ||    87
       Unarmed           |       |       |     7 ||     7
Throw: Javelin           |       |       |     8 ||     8
       Dart              |       |       |     1 ||     1
  Use: Scroll            |       |     8 |       ||     8
       Potion            |       |     1 |       ||     1
Armor: Scale mail        |    36 |       |       ||    36
       Plate armour      |    20 |   135 |   164 ||   319
       Skin              |       |     6 |     6 ||    12
Dodge: Dodged            |    38 |    69 |   143 ||   250
Block: Buckler           |    27 |    54 |    86 ||   167

Table legend: (Time is in decaauts)
 A = Elapsed time spent in this place.
 B = Non-inter-level travel time spent in this place.
 C = Inter-level travel time spent in this place.
 D = Time resting spent in this place.
 E = Time spent auto-exploring this place.
 F = Levels seen in this place.
 G = Mean time per level.
                   A        B        C        D        E       F      G
               +--------+--------+--------+--------+--------+-----+--------+
         Total |  10113 |   9828 |    285 |   1805 |   6540 |  10 | 1011.3 |
       Dungeon |   9487 |   9232 |    255 |   1531 |   6331 |   8 | 1185.9 |
        Temple |    199 |    169 |     30 |      0 |    132 |   1 |  199.0 |
         Sewer |    426 |    426 |      0 |    274 |     77 |   1 |  426.0 |
               +--------+--------+--------+--------+--------+-----+--------+

Top non-repeatable levels by time:
     D:7: 1754 daAuts
     D:6: 1694 daAuts
     D:5: 1354 daAuts
     D:8: 1132 daAuts
     D:4: 1115 daAuts
     D:2: 1099 daAuts
     D:3: 672 daAuts
     D:1: 663 daAuts
   Sewer: 426 daAuts
  Temple: 199 daAuts
